 Dungeon Crawl Stone Soup version 0.23-a0-729-g94ec0301e6 (webtiles) character file.

41 Hercules1031 the Ducker (level 3, -8/17 HPs)
             Began as a Felid Monk on Jan 17, 2019.
             Killed by nerve-wracking pain
             ... invoked by Jessica
              (13 damage)
             ... on level 2 of the Dungeon.
             The game lasted 00:02:32 (1264 turns).

Hercules1031 the Ducker (Felid Monk)                Turns: 1264, Time: 00:02:33

Health: -8/17      AC:  1    Str:  7    XL:     3   Next: 32%
Magic:  4/4        EV: 20    Int: 11    God:
Gold:   52         SH:  0    Dex: 19    Spells: 2/2 levels left
                                        Lives:  0   Deaths: 0

rFire    . . .     SeeInvis +     - Unarmed
rCold    . . .     Gourm    .   (shield unavailable)
rNeg     . . .     Faith    .   (armour unavailable)
rPois    .         Spirit   .   (helmet unavailable)
rElec    .         Reflect  .   (cloak unavailable)
rCorr    .         Harm     .   (gloves unavailable)
MR       .....                  (boots unavailable)
Stlth    +++.......             (no amulet)
HPRegen  0.05/turn              (no ring)
MPRegen  0.09/turn              (no ring)

@: quick
A: very small, no armour, no weapons or thrown items, stealth, claws 1, fangs 3,
see invisible, carnivore, speed 1, shaggy fur 1, slow metabolism 1, sharp paws
a: no special abilities


You were on level 2 of the Dungeon.
You were not hungry.

You visited 1 branch of the dungeon, and saw 2 of its levels.

You collected 52 gold pieces.

Inventory:

Scrolls
 b - 2 scrolls of remove curse {unknown}
 c - 2 scrolls of identify {unknown}
 d - a scroll of teleportation {unknown}
 e - a scroll of enchant weapon {unknown}
 f - a scroll of enchant armour {unknown}
Comestibles
 a - 5 rations


   Skills:
 + Level 3.3 Fighting
 + Level 4.4 Dodging
 * Level 4.0 Stealth
 + Level 3.3 Unarmed Combat


You had 2 spell levels left.
You didn't know any spells.
Your spell library was empty.

Dungeon Overview and Level Annotations

Branches:
Dungeon (2/15)

Altars:

Annotations:
D:2 Jessica


Innate Abilities, Weirdness & Mutations

You cannot wear armour.
You are incapable of wielding weapons or throwing items.
Your paws allow you to move quietly. (Stealth)
You have sharp claws.
You have razor-sharp teeth.
You have supernaturally acute eyesight. (SInv)
You are carnivorous and can eat meat at any time.
You cover ground quickly.
You are covered in fur. (AC +1)
You have a slow metabolism.
Your sharp claws are effective at attacking unaware monsters.


Message History

A kobold comes into view.
Found 5 gold pieces.
A worm and Jessica come into view.
Found 15 gold pieces.
Jessica shouts!
The ball python hisses angrily.
You hear a shout!
Jessica mumbles something strange.
The ball python bites you. The ball python misses you.
You scratch the ball python.
You kill the ball python!
A hobgoblin comes into view. It is wielding a +0 club.
Jessica shouts, "You're disturbing me!
I'll have to kill you!"
A jackal comes into view.
Found a blue potion and a scroll labeled KYIGOO TYACUY.
Jessica zaps a wand.
The puff of flame hits you!
Ouch! That really hurt!
* * * LOW HITPOINT WARNING * * *
Jessica casts a spell at you. Pain shoots through your body!
Ouch! That really hurt!
You die...

?...#.. #... ...
....##.##..###K..
!.....$.........$
.......g#........
.................
.######.@........
#....w.........
#...^.........#
#....@.>.......
#..............
#..............
#..............
....
###.......##...
#.. #......## ...
#.. #.###### #..
#.#...# #.#
#.#.#.#


You could see a worm, Jessica, a hobgoblin and a kobold (sleeping).

Vanquished Creatures
  An adder (D:2)
  3 bats (D:1)
  2 giant cockroaches
  3 goblins
  6 hobgoblins (D:1)
  2 ball pythons
  2 frilled lizards (D:1)
  5 kobolds (D:1)
  7 rats (D:1)
31 creatures vanquished.

Notes
Turn   | Place    | Note
-------+----------+-------------------------------------------
     0 | D:1      | Hercules1031 the Felid Monk began the quest for the Orb.
     0 | D:1      | Reached XP level 1. HP: 10/10 MP: 2/2
   144 | D:1      | Reached XP level 2. HP: 5/14 MP: 3/3
  1185 | D:2      | Reached XP level 3. HP: 17/17 MP: 4/4
  1253 | D:2      | Noticed Jessica
  1264 | D:2      | Killed from afar by Jessica

Vault maps used:
D:1:      sevenhm_arrival_forest_fort_small_6, minivault_23, serial_bayou_pond_d
D:2:      gammafunk_temple_overflow_forgotten, minmay_pentomino_u2,
          uniq_jessica, uniq_terence

Skill      XL: |  1  2  3 |
---------------+----------+-----
Stealth        | 3 4 |  4.0
Fighting       | |  3.3
Dodging        | |  4.4
Unarmed Combat | |  3.3

Action                   || total
-------------------------++-------
Melee: Unarmed           ||    72
       Bite              ||     5
 Stab: Sleeping          ||     6
Armor: Skin              ||     1
Dodge: Dodged            ||    59

Table legend:
 A = Non-vault XP
 B = Vault XP
 C = Vault XP percentage of total XP
 D = Non-vault monster count
 E = Vault monster count
 F = Vault count percentage of total count
                 A         B        C        D         E       F
            +---------+---------+-------+---------+---------+-------
      Total |      59 |       0 |   0.0 |      31 |       0 |   0.0
            +---------+---------+-------+---------+---------+-------
        D:1 |      40 |       0 |   0.0 |      27 |       0 |   0.0
        D:2 |      19 |       0 |   0.0 |       4 |       0 |   0.0
            +---------+---------+-------+---------+---------+-------
